 Dungeon Sprint DCSS version 0.19.1 (webtiles) character file.

1309 Groucho the Unseen (level 8, -15/40 HPs)
             Began as a Felid Fighter on Nov 30, 2016.
             Was an Initiate of Uskayaw.
             Demolished by a dire elephant (34 damage)
             ... in the Dungeon (Sprint IX: "|||||||||||||||||||||||||||||").
             The game lasted 00:02:50 (1416 turns).

Groucho the Unseen (Felid Fighter)                  Turns: 1416, Time: 00:02:50

Health: -15/40     AC:  2    Str: 12    XL:     8   Next: 32%
Magic:  12/15      EV: 27    Int: 12    God:    Uskayaw [......]
Gold:   0          SH:  0    Dex: 21    Spells: 0 memorised, 7 levels left
                                        Lives:  0   Deaths: 2

rFire  . . .     SeeInvis +       - Unarmed
rCold  . . .     Gourm    .     (armour unavailable)
rNeg   . . .     Faith    .     (shield unavailable)
rPois  .         Spirit   .     (helmet unavailable)
rElec  .         Reflect  .     (cloak unavailable)
rCorr  .         Harm     .     (gloves unavailable)
MR     +....     NoTele   +     (boots unavailable)
Stlth  +++++++...               (no amulet)
                                m - +3 ring of intelligence
                                l - +3 ring of dexterity

@: quick
A: no armour, no weapons or thrown items, stealth, claws 1, fangs 3, see
invisible, carnivore 3, speed 1, shaggy fur 2, slow metabolism 1, sharp paws
a: Renounce Religion


You were in the Dungeon.
You worshipped Uskayaw.
Uskayaw was aware of your devotion.
You were not hungry.

You visited 1 branch

Inventory:

Jewellery
 l - a +3 ring of dexterity (left paw)
 m - a +3 ring of intelligence (right paw)
Wands
 k - a wand of acid (3/15)
Scrolls
 h - 2 scrolls of blinking
 i - 3 scrolls of remove curse
 j - 2 scrolls of amnesia
Potions
 c - 5 potions of curing
 d - 2 potions of heal wounds
 f - 4 potions of magic
Comestibles
 b - 13 meat rations


   Skills:
 * Level 7.3 Fighting
 * Level 9.6 Dodging
 + Level 16.0 Stealth
 * Level 13.1 Unarmed Combat
 + Level 9.2 Invocations


You had 7 spell levels left.
You didn't know any spells.

Dungeon Overview and Level Annotations

Branches:
Dungeon (1/1)

Altars:
Cheibriados
Dithmenos
Elyvilon
Fedhas
Gozag
Hepliaklqana
Kikubaaqudgha
Makhleb
Nemelex Xobeh
Okawaru
Qazlal
Ru
Sif Muna
Trog
Uskayaw
Vehumet
Xom
Yredelemnul
Zin
The Shining One
Beogh
Jiyva
Lugonu


Innate Abilities, Weirdness & Mutations

You cannot wear armour.
You are incapable of wielding weapons or throwing items.
Your paws allow you to move quietly. (Stealth)
You have sharp claws.
You have razor-sharp teeth.
You have supernaturally acute eyesight. (SInv)
You are carnivorous and can eat meat at any time.
You cover ground quickly.
You are covered in thick fur. (AC +2)
You have a slow metabolism.
Your sharp claws are effective at attacking unaware monsters.


Message History

The elephant trumpets!
You scratch the dire elephant but do no damage.
You bite the dire elephant, but do no damage.
You scratch the dire elephant but do no damage.
You claw the dire elephant.
You bite the dire elephant, but do no damage.
The dire elephant is lightly wounded.
The dire elephant completely misses you.
The dire elephant barely misses you.
You stomp with the beat, sending a shockwave through the revelers around you!
The dire elephant is moderately wounded.
You feel somewhat more hungry.
You can no longer stomp with the beat.
The dire elephant closely misses you. The dire elephant trunk-slaps you!
Unknown command.
You scratch the dire elephant but do no damage.
The dire elephant is moderately wounded.
The dire elephant tramples you!!
Ouch! That really hurt!
You die...

▓...▓
▓.▓.▓
▓+▓
▓.▓.▓
▓a▓
▓.▓.▓
▓o▓
▓'▓.▓
▓c▓
▓.▓.▓
▓c▓
▓.▓.▓
▓(▓
▓[▓.▓
▓.▓
▓@▓.▓
▓'▓
▓Y▓.▓
▓.▓
▓Y▓.▓
▓†▓
▓.▓.▓
▓.▓
▓%▓.▓
▓)▓
▓'▓.▓
▓†▓
▓$▓
▓.▓
▓(▓
▓'▓
▓(▓


You could see a dire elephant and an elephant.

Vanquished Creatures
  An unseen horror (D)
  5 elephants (D)
  A troll (D)
  An ice beast (D)
  A crocodile (D)
  2 killer bees (D)
  A quasit (D)
  An iguana (D)
  An adder (D)
  A leopard gecko (D)
  3 orcs (D)
  A bat (D)
  2 frilled lizards (D)
  A goblin (D)
  A rat (D)
23 creatures vanquished.

Notes
Turn   | Place    | Note
-------+----------+-------------------------------------------
     0 | D        | Groucho the Felid Fighter began the quest for the Orb.
     0 | D        | Reached XP level 1. HP: 10/10 MP: 2/2
     4 | D        | Reached skill level 2 in Stealth
    11 | D        | Reached skill level 3 in Stealth
    18 | D        | Reached skill level 4 in Stealth
   171 | D        | Noticed an iguana
   171 | D        | Noticed a quasit
   177 | D        | Killed a quasit
   177 | D        | Reached skill level 9 in Stealth
   177 | D        | Reached XP level 2. HP: 12/14 MP: 3/3
   177 | D        | Reached XP level 3. HP: 15/17 MP: 4/4
   179 | D        | Reached skill level 10 in Stealth
   181 | D        | Reached skill level 11 in Stealth
   181 | D        | Reached XP level 4. HP: 19/21 MP: 5/5
   386 | D        | Found a roughly hewn altar of Beogh.
   386 | D        | Found a snail-covered altar of Cheibriados.
   386 | D        | Found a shadowy altar of Dithmenos.
   386 | D        | Found a white marble altar of Elyvilon.
   386 | D        | Found a blossoming altar of Fedhas.
   386 | D        | Found an opulent altar of Gozag.
   387 | D        | Found a hazy altar of Hepliaklqana.
   388 | D        | Found a viscous altar of Jiyva.
   389 | D        | Found an ancient bone altar of Kikubaaqudgha.
   390 | D        | Found a corrupted altar of Lugonu.
   391 | D        | Found a burning altar of Makhleb.
   392 | D        | Found a sparkling altar of Nemelex Xobeh.
   393 | D        | Found an iron altar of Okawaru.
   394 | D        | Found a stormy altar of Qazlal.
   395 | D        | Found a sacrificial altar of Ru.
   396 | D        | Found a deep blue altar of Sif Muna.
   397 | D        | Found a bloodstained altar of Trog.
   398 | D        | Found a hide-covered altar of Uskayaw.
   399 | D        | Found a radiant altar of Vehumet.
   400 | D        | Found a shimmering altar of Xom.
   401 | D        | Found a basalt altar of Yredelemnul.
   402 | D        | Found a glowing silver altar of Zin.
   403 | D        | Found a glowing golden altar of the Shining One.
   408 | D        | Became a worshipper of Uskayaw the Reveler
   436 | D        | Noticed a troll
   436 | D        | Noticed a crocodile
   436 | D        | Noticed an ice beast
   438 | D        | Killed an ice beast
   438 | D        | Reached skill level 12 in Stealth
   438 | D        | Reached XP level 5. HP: 24/24 MP: 5/8
   438 | D        | Reached * piety under Uskayaw
   440 | D        | Killed a crocodile
   440 | D        | Reached ** piety under Uskayaw
   443 | D        | Reached *** piety under Uskayaw
   444 | D        | Gained mutation: You are covered in thick fur. (AC +2) [Felid growth]
   444 | D        | Reached XP level 6. HP: 28/28 MP: 5/10
   447 | D        | Killed a troll
   447 | D        | Reached skill level 13 in Stealth
   447 | D        | Reached **** piety under Uskayaw
   449 | D        | Reached XP level 7. HP: 31/31 MP: 6/12
   449 | D        | Reached ***** piety under Uskayaw
   451 | D        | Noticed a centaur warrior
   451 | D        | Noticed a centaur warrior
   451 | D        | Noticed an unseen horror
   458 | D        | Killed an unseen horror
   458 | D        | Reached skill level 15 in Stealth
   458 | D        | Reached XP level 8. HP: 19/34 MP: 6/14
   458 | D        | Reached ****** piety under Uskayaw
   460 | D        | Shot with an arrow by a centaur warrior
   461 | D        | Reached XP level 7. HP: -2/31 MP: 7/13
   473 | D        | Noticed an elephant
   473 | D        | Noticed an elephant
   474 | D        | Noticed an elephant
   475 | D        | Noticed an elephant
   476 | D        | Noticed a dire elephant
   841 | D        | Killed an elephant
   841 | D        | Reached skill level 5 in Dodging
   844 | D        | Noticed an elephant
   845 | D        | Killed an elephant
   845 | D        | Reached skill level 5 in Fighting
   845 | D        | Reached XP level 8. HP: 22/37 MP: 13/15
   847 | D        | Killed an elephant
   853 | D        | Killed an elephant
   859 | D        | Slain by an elephant
   860 | D        | Reached XP level 7. HP: -5/35 MP: 14/14
   883 | D        | Killed an elephant
   883 | D        | Reached skill level 16 in Stealth
   883 | D        | Reached XP level 8. HP: 10/40 MP: 11/15
  1407 | D        | Noticed an elephant
  1416 | D        | Demolished by a dire elephant

Skill      XL: |  1  2  3  4  5  6  7  8 |
---------------+-------------------------+-----
Stealth        | 9 11 12 13 16 | 16.0
Unarmed Combat | 6 8 9 13 | 13.1
Invocations    | 3 4 6 9 |  9.2
Fighting       | 7 6 |  7.3
Dodging        | 9 8 |  9.6

Action                   |  1- 3 |  4- 6 |  7- 9 || total
-------------------------+-------+-------+-------++-------
Melee: Unarmed           |    19 |    10 |    38 ||    67
       Bite              |     2 |       |    12 ||    14
       Punch             |       |       |     3 ||     3
Invok: Line Pass         |       |       |     1 ||     1
       Stomp             |       |       |     1 ||     1
Evoke: Wand              |       |       |     4 ||     4
  Use: Potion            |     1 |     1 |     3 ||     5
 Stab: Sleeping          |     1 |     5 |       ||     6
       Paralysed         |       |     1 |     2 ||     3
Armor: Skin              |     2 |     1 |       ||     3
Dodge: Dodged            |    17 |     3 |    36 ||    56
